 Dungeon Crawl Stone Soup version 0.22.1-1-ga44c0e56f4 (webtiles) character file.

1465 Reeggar the Skirmisher (level 8, -6/126 HPs)
             Began as an Ogre Berserker on Oct 23, 2018.
             Was a Priest of Trog.
             Mangled by a yak (12 damage)
             ... on level 6 of the Dungeon.
             The game lasted 00:26:44 (6704 turns).

Reeggar the Skirmisher (Ogre Berserker)             Turns: 6704, Time: 00:26:45

Health: -6/126     AC:  4    Str: 29    XL:     8   Next: 77%
Magic:  8/8        EV: 13    Int:  8    God:    Trog [***...]
Gold:   303        SH:  0    Dex:  8    Spells: 7/7 levels left

rFire    . . .     SeeInvis .   t - +4 hand axe
rCold    . . .     Gourm    .   (no shield)
rNeg     . . .     Faith    .   l - +0 robe
rPois    .         Spirit   .   (helmet restricted)
rElec    .         Reflect  .   j - +0 cloak
rCorr    .         Harm     .   (gloves unavailable)
MR       ++...                  (boots unavailable)
Stlth    ..........             (no amulet)
HPRegen  1.31/turn              f - +2 ring of evasion
MPRegen  0.11/turn              (no ring)

@: berserking, regenerating, very quick
A: large, unfitting armour, tough skin 1
a: Berserk, Trog's Hand, Renounce Religion


You were on level 6 of the Dungeon.
You worshipped Trog.
Trog was most pleased with you.
You were hungry.

You visited 1 branch of the dungeon, and saw 6 of its levels.

You collected 303 gold pieces.

Inventory:

Hand Weapons
 a - a +0 spear
 t - a +4 hand axe (weapon)
 u - a +3 dagger
Missiles
 h - 4 large rocks (quivered)
Armour
 j - a +0 cloak (worn)
 l - a +0 robe (worn)
Jewellery
 c - an uncursed ring of see invisible {unknown}
 e - an uncursed ring of magical power
 f - a +2 ring of evasion (left hand)
 w - an uncursed ring of poison resistance {unknown}
Scrolls
 d - a scroll of fog {unknown}
 g - a scroll of random uselessness {unknown}
 i - a scroll of fear {unknown}
 n - 3 scrolls of remove curse {unknown}
 o - 3 scrolls of identify
 q - a scroll of blinking {unknown}
 v - a scroll of immolation {unknown}
Potions
 b - a potion of heal wounds {unknown}
 k - a potion of might
 p - 2 potions of agility {unknown}
 r - 4 potions of curing {unknown}
 s - a potion of flight {unknown}
 z - 2 potions of haste {unknown}
Comestibles
 m - a ration
 x - 2 chunks of flesh


   Skills:
 + Level 6.8 Fighting
 * Level 6.0(6.9) Axes
 + Level 5.0(6.3) Polearms
 + Level 5.0 Dodging
 * Level 3.1 Stealth


You had 7 spell levels left.
You didn't know any spells.
Your spell library was empty.

Dungeon Overview and Level Annotations

Branches:
Dungeon (6/15)             Temple (0/1) D:6

Altars:
Dithmenos
Gozag
Okawaru
Qazlal
Ru
Sif Muna
Trog
Vehumet
Yredelemnul
The Shining One


Innate Abilities, Weirdness & Mutations

You are too large for most types of armour.
You have tough skin. (AC +1)


Message History

The yak is heavily wounded.
You hit the yak. The yak gores you!!
* * * LOW HITPOINT WARNING * * *
The yak gores you!
* * * LOW HITPOINT WARNING * * *
You hit the yak.
The yak is heavily wounded.
You closely miss the yak. The yak gores you!
* * * LOW HITPOINT WARNING * * *
You slash the yak!
The yak is almost dead.
You barely miss the yak. The yak gores you!
* * * LOW HITPOINT WARNING * * *
Unknown command.
You hit the yak.
You kill the yak!
Trog accepts your kill.
Your Axes skill increases to level 6!
You barely miss the yak. The yak gores you!
You die...

.........#
####..##
.⌠..>..⌠.#
##.##
.........#
###.##
###...####
#..## #
#.⌠.# #.##
# #...#
#.#
###..##
#.# .#...#
##.#
....##
#@## ...##
#YY# .###
..Y.# (##
......)
.(##
#.......
((.#
##...####
(≈## #..#
.≈.# #..
.≈##


You could see 3 yaks.

Vanquished Creatures
  3 yaks (D:6)
  2 phantoms
  A bullfrog (D:6)
  4 scorpions
  A howler monkey (D:5)
  A bullfrog zombie (D:6)
  A centaur zombie (D:6)
  A crimson imp (D:5)
  3 orc wizards
  A bullfrog skeleton (D:6)
  An orc priest (D:4)
  Terence (D:2)
  4 worker ants
  A howler monkey skeleton (D:5)
  2 gnolls (D:6)
  7 adders
  3 shadow imps (D:5)
  2 oozes (D:4)
  2 adder skeletons
  2 dart slugs
  3 worms
  A leopard gecko (D:3)
  3 orcs
  3 ball pythons
  15 bats
  4 giant cockroaches
  7 goblins
  6 hobgoblins
  3 jackals (D:3)
  5 quokkas
  4 frilled lizards
  5 kobolds
  A quokka zombie (D:6)
  3 rats (D:1)
106 creatures vanquished.

Notes
Turn   | Place    | Note
-------+----------+-------------------------------------------
     0 | D:1      | Reeggar the Ogre Berserker began the quest for the Orb.
     0 | D:1      | Reached XP level 1. HP: 24/24 MP: 1/1
   212 | D:1      | Reached XP level 2. HP: 14/32 MP: 2/2
  1175 | D:2      | Reached XP level 3. HP: 40/40 MP: 3/3
  1182 | D:2      | Reached ** piety under Trog
  1232 | D:2      | Reached XP level 4. HP: 26/49 MP: 4/4
  1565 | D:2      | Noticed Terence
  1580 | D:2      | Killed Terence
  1938 | D:3      | Reached skill level 1 in Stealth
  2020 | D:3      | Reached XP level 5. HP: 34/55 MP: 5/5
  2505 | D:3      | Found an opulent altar of Gozag.
  2539 | D:3      | Found an iron altar of Okawaru.
  2541 | D:3      | Found a radiant altar of Vehumet.
  2542 | D:3      | Found a basalt altar of Yredelemnul.
  2545 | D:3      | Found a bloodstained altar of Trog.
  3290 | D:4      | Reached skill level 5 in Fighting
  3649 | D:4      | Reached XP level 6. HP: 33/66 MP: 6/6
  4129 | D:4      | Found a shadowy altar of Dithmenos.
  4129 | D:4      | Noticed a phantom
  4470 | D:4      | Killed a phantom
  4542 | D:4      | Reached skill level 1 in Axes
  4888 | D:5      | Entered Level 5 of the Dungeon
  4928 | D:5      | Reached XP level 7. HP: 72/74 MP: 7/7
  5010 | D:5      | Found a sacrificial altar of Ru.
  5395 | D:5      | Reached skill level 5 in Polearms
  5475 | D:5      | Reached *** piety under Trog
  5930 | D:6      | Found a stormy altar of Qazlal.
  6010 | D:6      | Reached XP level 8. HP: 24/83 MP: 8/8
  6385 | D:6      | Found a deep blue altar of Sif Muna.
  6468 | D:6      | Found an iron altar of Okawaru.
  6499 | D:6      | Found a staircase to the Ecumenical Temple.
  6604 | D:6      | Found a glowing golden altar of the Shining One.
  6684 | D:6      | Noticed a yak
  6685 | D:6      | Noticed a yak
  6685 | D:6      | Noticed a yak
  6687 | D:6      | Noticed a yak
  6687 | D:6      | Noticed a yak
  6688 | D:6      | Noticed a yak
  6696 | D:6      | Killed a yak
  6696 | D:6      | Reached skill level 5 in Axes
  6698 | D:6      | Killed a yak
  6698 | D:6      | Reached skill level 5 in Dodging
  6703 | D:6      | HP: 5/126 [yak (17)]
  6704 | D:6      | Killed a yak
  6704 | D:6      | Mangled by a yak

Skill      XL: |  1  2  3  4  5  6  7  8 |
---------------+-------------------------+-----
Dodging        | 3 4 5 |  5.0
Polearms       | 4 5 |  5.0
Stealth        | 1 2 3 |  3.1
Fighting       | 5 6 |  6.8
Axes           | 1 3 6 |  6.0

Action                   |  1- 3 |  4- 6 |  7- 9 || total
-------------------------+-------+-------+-------++-------
Melee: Spear             |    77 |   249 |       ||   326
       Hand axe          |       |    27 |   166 ||   193
Invok: Berserk           |     1 |     4 |     3 ||     8
       Trog's Hand       |       |     3 |     1 ||     4
  Use: Scroll            |       |     4 |       ||     4
 Stab: Invisible         |       |       |     1 ||     1
       Sleeping          |       |       |     1 ||     1
  Eat: Chunk             |     1 |     2 |     7 ||    10
       Ration            |       |     4 |     1 ||     5
Armor: Animal skin       |    35 |    69 |       ||   104
       Robe              |       |    78 |    37 ||   115
Dodge: Dodged            |    57 |   263 |   112 ||   432
